 Dungeon Sprint DCSS version 0.23-a0-396-g5214e5f (webtiles) character file.

2200000 namelastname112 the Conqueror (level 18, -5/182 HPs)
             Began as a Demonspawn Monk on Nov 2, 2018.
             Was a High Priest of Makhleb.
             Engulfed by a cloud of flame (10 damage)
             ... in the Dungeon (Sprint VIII: "Arena of Blood").
             The game lasted 00:00:36 (22 turns).

namelastname112 the Conqueror (Demonspawn Monk)       Turns: 22, Time: 00:00:36

Health: -5/182     AC:  2    Str: 11    XL:     18   Next: 77%
Magic:  0/18       EV: 37    Int: 12    God:    Makhleb [*****.]
Gold:   0          SH:  0    Dex: 24    Spells: 17/17 levels left

rFire    . . .     SeeInvis .   i - +∞ Axe of Woe
rCold    . . .     Gourm    .   (shield currently unavailable)
rNeg     . . .     Faith    .   a - +0 robe
rPois    .         Spirit   +   (helmet unavailable)
rElec    .         Reflect  .   (no cloak)
rCorr    .         Harm     .   (gloves unavailable)
MR       +....     NoTele   +   (no boots)
Stlth    +++++++...             (no amulet)
HPRegen  0.40/turn              (no ring)
MPRegen  0.16/turn              (no ring)

@: no status effects
A: claws 3, hooves 2, horns 3, demonic guardian 2, magic shield
a: Minor Destruction, Lesser Servant of Makhleb, Major Destruction, Greater
Servant of Makhleb, Renounce Religion


You were in the Dungeon.
You worshipped Makhleb.
Makhleb was extremely pleased with you.
You were not hungry.

You visited 1 branch

Inventory:

Hand Weapons
 i - the +∞ Axe of Woe (weapon)
   (You found it in the Dungeon)
Armour
 a - a +0 robe (worn)
Scrolls
 h - a scroll of blinking
Potions
 c - a potion of curing
 d - a potion of heal wounds
 e - a potion of haste
 f - 2 potions of magic
 g - a potion of berserk rage
Comestibles
 b - a ration


   Skills:
 O Level 27 Fighting
 + Level 26.8 Axes
 O Level 27 Dodging
 + Level 19.0 Stealth
 O Level 27 Unarmed Combat


You had 17 spell levels left.
You didn't know any spells.
Your spell library was empty.

Dungeon Overview and Level Annotations

Branches:
Dungeon (1/1)

Altars:
Makhleb


Innate Abilities, Weirdness & Mutations

You have claws for hands.
You have hoof-like feet.
You have a pair of large horns on your head.
A demonic guardian rushes to your aid.
When hurt, damage is shared between your health and your magic reserves.


Message History

Your sixfirhy barely misses the large bag of meat.
You hear a shout! x2
A bag of meat comes into view. It is wielding a +9 war axe. x2
You hear a shout! x4
A bag of meat comes into view. It is wielding a +9 war axe.
Your sixfirhy hits the large bag of meat.
Your sixfirhy shocks the large bag of meat!
You hear a shout! x3
Items here: ))) === †† You slice the large bag of meat!!
You cleave the large bag of meat in twain.
The large bag of meat explodes!
The fiery explosion engulfs your sixfirhy.
The fiery explosion engulfs you!
* * * LOW HITPOINT WARNING * * *
Makhleb accepts your kill.
Your Axes skill gained 3 levels and is now at level 26!
Your Stealth skill gained 2 levels and is now at level 19!
You are engulfed in blazing flames.
You die...

#.. ..# #.. ..#
.###oO ..###.
....oo###......
.%..._.....
#.o...# . .
#_§<§_# ...
....#.3)§.#.....
......§§@...O...
.....o###.%..%..
.###.. ..###oo
#.. ..# #. ..#
.. ... .. ....
....


You could see a large bag of meat (inner flame), a meat berserker (berserk), 7
bags of meat and a friendly sixfirhy.

Vanquished Creatures
  6 ogres (D)
  A two-headed ogre (D)
  5 orcs (D)
12 creatures vanquished.

Notes
Turn   | Place    | Note
-------+----------+-------------------------------------------
     0 | D        | Found the +∞ Axe of Woe
     0 | D        | namelastname112 the Demonspawn Monk began the quest for the
                  | Orb.
     0 | D        | Reached XP level 1. HP: 18/18 MP: 1/1
     2 | D        | Noticed a bag of meat
     3 | D        | Noticed a bag of meat
     4 | D        | Became a worshipper of Makhleb the Destroyer
     4 | D        | Reached * piety under Makhleb
     4 | D        | Reached ** piety under Makhleb
     8 | D        | Killed a bag of meat
     8 | D        | Reached skill level 15 in Dodging
     8 | D        | Reached skill level 15 in Unarmed Combat
     8 | D        | Gained mutation: You have sharp fingernails. [demonic
                  | ancestry]
     8 | D        | Reached XP level 2. HP: 46/46 MP: 2/2
     8 | D        | Reached XP level 3. HP: 52/52 MP: 3/3
     8 | D        | Gained mutation: A weak demonic guardian rushes to your
                  | aid. [demonic ancestry]
     8 | D        | Reached XP level 4. HP: 59/59 MP: 4/4
     8 | D        | Reached XP level 5. HP: 65/65 MP: 5/5
     8 | D        | Gained mutation: You have a pair of small horns on your
                  | head. [demonic ancestry]
     8 | D        | Reached XP level 6. HP: 72/72 MP: 6/6
     8 | D        | Gained mutation: You have a pair of horns on your head.
                  | [demonic ancestry]
     8 | D        | Reached XP level 7. HP: 79/79 MP: 7/7
     8 | D        | Reached XP level 8. HP: 86/86 MP: 8/8
     8 | D        | Gained mutation: When hurt, damage is shared between your
                  | health and your magic reserves. [demonic ancestry]
     8 | D        | Reached XP level 9. HP: 92/92 MP: 9/9
     8 | D        | Gained mutation: A demonic guardian rushes to your aid.
                  | [demonic ancestry]
     8 | D        | Reached XP level 10. HP: 99/99 MP: 10/10
     8 | D        | Gained mutation: You have large cloven feet. [demonic
                  | ancestry]
     8 | D        | Reached XP level 11. HP: 105/105 MP: 11/11
     8 | D        | Noticed a bag of meat
     9 | D        | Killed a bag of meat
     9 | D        | Gained mutation: You have hoof-like feet. [demonic
                  | ancestry]
     9 | D        | Reached XP level 12. HP: 117/117 MP: 12/12
    10 | D        | Killed a bag of meat
    10 | D        | Reached XP level 13. HP: 128/128 MP: 11/13
    10 | D        | Noticed a meat berserker
    10 | D        | Noticed a bag of meat
    10 | D        | Noticed a meat berserker
    12 | D        | Killed a meat berserker
    12 | D        | Reached *** piety under Makhleb
    12 | D        | Gained mutation: You have very sharp fingernails. [demonic
                  | ancestry]
    12 | D        | Reached XP level 14. HP: 141/141 MP: 11/14
    12 | D        | Noticed a meat berserker
    12 | D        | Noticed a meat berserker
    12 | D        | Noticed a meat berserker
    14 | D        | Noticed a bag of meat
    15 | D        | Noticed a meat berserker
    16 | D        | Killed a meat berserker
    16 | D        | Reached skill level 10 in Stealth
    16 | D        | Gained mutation: You have a pair of large horns on your
                  | head. [demonic ancestry]
    16 | D        | Reached XP level 15. HP: 153/153 MP: 12/15
    16 | D        | Noticed a large bag of meat
    17 | D        | Killed a meat berserker
    17 | D        | Reached skill level 10 in Axes
    17 | D        | Gained mutation: You have claws for hands. [demonic
                  | ancestry]
    17 | D        | Reached XP level 16. HP: 99/166 MP: 7/16
    17 | D        | Killed a meat berserker
    17 | D        | Reached **** piety under Makhleb
    17 | D        | Reached skill level 27 in Fighting
    17 | D        | Reached XP level 17. HP: 174/174 MP: 7/17
    18 | D        | Killed a meat berserker
    18 | D        | Reached skill level 27 in Dodging
    18 | D        | Reached skill level 27 in Unarmed Combat
    18 | D        | Reached skill level 15 in Stealth
    19 | D        | Killed a meat berserker
    19 | D        | Reached ***** piety under Makhleb
    19 | D        | Reached XP level 18. HP: 37/182 MP: 2/18
    20 | D        | Noticed a meat berserker
    20 | D        | Noticed a large bag of meat
    22 | D        | Killed a large bag of meat
    22 | D        | HP: 5/182 [large bag of meat/exploding inner flame (33)]
    22 | D        | Engulfed by a cloud of flame

Vault maps used:
D:        meatsprint

Skill      XL: |  1  2  3  4  5  6  7  8  9 10 11 12 13 14 15 16 17 18 |
---------------+-------------------------------------------------------+-----
Fighting       | 16 18 20 22 24 26 27 | 27.0
Dodging        | 15 17 18 20 22 23 25 27 | 27.0
Stealth        | 7 8 9 10 11 12 17 19 | 19.0
Unarmed Combat | 15 17 18 20 22 23 25 27 | 27.0
Axes           | 2 3 6 8 10 13 23 26 | 26.8

Action                   |  1- 3 |  4- 6 |  7- 9 | 10-12 | 13-15 | 16-18 || total
-------------------------+-------+-------+-------+-------+-------+-------++-------
Melee: Executioner's axe |     1 |       |       |     2 |     3 |     3 ||     9

Table legend:
 A = Non-vault XP
 B = Vault XP
 C = Vault XP percentage of total XP
 D = Non-vault monster count
 E = Vault monster count
 F = Vault count percentage of total count
                 A         B        C        D         E       F
            +---------+---------+-------+---------+---------+-------
      Total |  205330 |  151380 |  42.4 |       6 |       6 |  50.0
            +---------+---------+-------+---------+---------+-------
          D |  205330 |  151380 |  42.4 |       6 |       6 |  50.0
            +---------+---------+-------+---------+---------+-------
